Map: Deathaura LE

Players

Kelazhur

  • Race: Terran Terran
  • League: Master
  • Spawn Location: 11:00

Cham - Winner!

  • Race: Zerg Zerg
  • League: Grandmaster
  • Spawn Location: 5:00

Event: DreamHack SC2 Masters 2020 Summer Latin America

VOD

Have the link to the VOD?

Description

Time

  • Played on: June 26, 2020, 3:40 p.m.
  • Length: 6:48

All games in this series

Show
View Real Time Build Order
Export as new Build Order

Kelazhur Terran 

Build Orders: Hellion Opening, Liberator Opening, Reaper Expand 

Get SALT Encoding   

  12  0:00  SCV  
  13  0:12  SCV  
  14  0:17  Supply Depot  
  14  0:25  SCV  
  15  0:38  SCV  
  15  0:40  Barracks  
  16  0:42  Refinery  
  16  0:50  SCV  
  17  1:02  SCV  
  18  1:14  SCV  
  19  1:27  Reaper, Orbital Command  
  20  1:37  Command Center  
  20  1:47  Supply Depot  
  20  1:52  SCV  
  21  1:59  Marine  
  22  2:02  Factory  
  22  2:06  SCV  
  23  2:12  Refinery  
  23  2:18  SCV  
  23  2:21  Barracks Reactor  
  24  2:30  SCV  
  25  2:42  SCV  
  26  2:50  Orbital Command  
  26  2:51  Starport  
  26  2:56  SCV  
  27  3:01  Hellion x2  
  31  3:08  SCV  
  31  3:10  Marine  
  31  3:12  Supply Depot  
  33  3:16  SCV  
  34  3:20  SCV  
  34  3:23  Hellion x2  
  39  3:28  Medivac  
  39  3:29  Marine  
  39  3:32  Armory  
  42  3:37  Supply Depot  
  42  3:43  SCV  
  42  3:44  Hellion x2  
  47  3:49  SCV  
  48  3:56  SCV  
  48  3:59  Supply Depot  
  49  4:03  Liberator  
  49  4:06  SCV, Hellion x2  
  57  4:16  SCV  
  58  4:18  SCV  
  58  4:22  Supply Depot  
  59  4:28  SCV  
  59  4:30  Hellion x2  
  59  4:31  SCV  
  65  4:34  Supply Depot  
  65  4:38  Barracks Tech Lab  
  65  4:41  SCV  
  65  4:43  SCV  
  53  4:53  SCV  
  53  4:55  SCV  
  55  5:05  SCV  
  55  5:06  Bunker  
  56  5:07  SCV  
  56  5:08  Hellion x3  
  56  5:09  Command Center  
  56  5:10  Factory Tech Lab  
  56  5:11  Banshee  
  56  5:12  Marine x2  
  62  5:15  Bunker  
  62  5:17  SCV  
  62  5:19  SCV  
  64  5:24  Refinery  
  64  5:25  Refinery  
  61  5:29  SCV  
  61  5:30  Marine x2  
  61  5:31  SCV  
  65  5:39  Siege Tank  
  65  5:41  SCV  
  63  5:43  SCV  
  63  5:48  Marine x2  
  58  5:53  SCV  
  58  5:54  Banshee  
  58  5:55  SCV  
  51  6:05  SCV  
  51  6:06  Marine x2  
  51  6:11  SCV, Siege Tank  
  54  6:17  SCV  
  52  6:23  SCV  
  52  6:24  Marine x2  
  47  6:29  SCV  
  43  6:35  SCV  
Show
View Real Time Build Order
Export as new Build Order

Cham Zerg - Winner!

Build Orders: Hatch First 

Get SALT Encoding   

  12  0:00  Drone  
  13  0:13  Overlord  
  13  0:18  Drone  
  14  0:32  Drone x2  
  16  0:50  Hatchery  
  16  0:54  Drone  
  16  0:59  Drone  
  16  1:01  Drone  
  18  1:13  Extractor  
  18  1:17  Spawning Pool  
  16  1:21  Drone  
  16  1:25  Drone  
  18  1:30  Drone  
  19  1:41  Drone  
  20  1:54  Overlord  
  20  2:03  Queen  
  20  2:04  Zergling x2, Queen  
  20  2:05  Zergling x2  
  26  2:21  Hatchery  
  25  2:27  Drone  
  26  2:32  Metabolic Boost  
  26  2:41  Drone  
  26  2:42  Drone x3  
  29  2:53  Drone  
  29  2:55  Drone x2  
  32  2:58  Queen  
  32  3:04  Overlord  
  34  3:08  Drone  
  35  3:15  Drone  
  35  3:16  Overlord  
  36  3:24  Drone  
  36  3:26  Drone  
  36  3:27  Drone x2  
  39  3:29  Drone x2  
  39  3:32  Roach Warren  
  41  3:34  Extractor  
  40  3:42  Drone  
  40  3:44  Drone x3  
  40  3:47  Overlord  
  44  3:53  Drone  
  44  3:54  Drone x2  
  44  3:55  Overlord  
  47  4:13  Roach x7  
  47  4:15  Roach  
  63  4:18  Roach  
  63  4:20  Roach  
  67  4:24  Overlord  
  67  4:27  Overlord  
  67  4:31  Extractor  
  67  4:35  Roach  
  65  4:46  Drone  
  65  4:47  Drone x6  
  72  4:53  Roach  
  72  4:56  Zergling x2  
  72  4:58  Zergling x2  
  76  5:01  Ravager x2  
  76  5:03  Zergling x2  
  79  5:07  Zergling x2  
  79  5:09  Zergling x2  
  79  5:12  Zergling x2, Ravager  
  83  5:15  Ravager  
  83  5:18  Zergling x2  
  83  5:20  Zergling x2  
  86  5:25  Zergling x4  
  86  5:26  Ravager  
  86  5:27  Zergling x2  
  89  5:29  Zergling x2  
  89  5:32  Overlord x3  
  88  5:43  Zergling x2  
  87  5:50  Zergling x2, Ravager  
  87  5:54  Zergling x2  
  87  5:55  Zergling x16  
  95  6:03  Zergling x2  
  91  6:04  Zergling x2  
  91  6:07  Drone  
  91  6:10  Drone x2  
  83  6:18  Drone  
  83  6:19  Drone x4  
  83  6:23  Drone  
  83  6:24  Drone x4  
  83  6:25  Drone  
  91  6:28  Drone  
  91  6:32  Drone  
  86  6:34  Drone  
  83  6:40  Hatchery, Extractor x2  
  83  6:41  Extractor  
Tags
 
Add a new tag
Caveats
  • Supply blocks, unpowered buildings, or Contaminate may cause inaccurate times.
  • Supply counts are checked every 10 seconds.